[Event "42nd Olympiad Baku 2016 Open"]
[Site "Baku"]
[Date "2016.09.02"]
[Round "1.8"]
[White "Abdelazeez Mohamed Abdalla"]
[Black "Petrov, Martin"]
[Result "1-0"]
[ECO "E15"]
[WhiteElo "2183"]
[BlackElo "2458"]
[PlyCount "99"]
[EventDate "2016.??.??"]
[EventCountry "AZE"]
[WhiteTeam "Sudan"]
[BlackTeam "Bulgarien"]
[WhiteTeamCountry "SUD"]
[BlackTeamCountry "BUL"]
[TimeControl "40/5400+30:1800+30"]
[WhiteClock "0:34:02"]
[BlackClock "0:22:54"]

1. d4 {(00:00} Nf6 {(00:00} 2. c4 {(00:00} e6 {(
00:01} 3. Nf3 {(00:00} b6 {(00:51} 4. g3 {(00:12} Bb4+
{(05:45} 5. Nbd2 {(01:05} Ba6 {(06:16} 6. Qc2 {(
00:11} Bb7 {(00:41} 7. Bg2 {(00:16} Be4 {(01:11} 8.
Qb3 {(00:10} Nc6 {(02:18} 9. O-O {(06:01} Bxd2 {
(02:22} 10. Bxd2 {(00:18} O-O {(01:22} 11. Qe3 {
(06:58} d5 {(17:14} 12. b3 {(22:44} Rc8 {(09:36]
} 13. Bc3 {(04:06} Ne7 {(02:31} 14. Rfd1 {(08:39} Nf5 {
(03:32} 15. Qc1 {(00:41} Qd6 {(04:30} 16. Bh3 {(
03:29} Bxf3 {(06:53} 17. exf3 {(00:11} Qc6 {(05:14}
18. c5 {(09:02} Rfe8 {(06:39} 19. b4 {(01:11} Rcd8 {
(01:52} 20. a4 {(02:24} bxc5 {(00:35} 21. Bxf5 {
(06:14} exf5 {(07:17} 22. dxc5 {(05:33} a5 {(06:
24} 23. b5 {(00:57} Qxc5 {(00:57} 24. Bxf6 {(00:10}
Qxc1 {(00:11} 25. Raxc1 {(00:12} gxf6 {(00:05} 26. Rxc7
{(00:14} d4 {(00:42} 27. Rd3 {(00:14} Rd6 {(06:
19} 28. Kg2 {(01:30} Kg7 {(00:43} 29. Ra7 {(02:28} Re2
{(00:10} 30. Rxa5 {(05:58} Ra2 {(00:10} 31. f4 {
(05:22} Re6 {(01:20} 32. h3 {(04:31} Ree2 {(00:
23} 33. Rf3 {(00:44} d3 {(01:32} 34. b6 {(01:20} Reb2
{(00:49} 35. Rb5 {(00:55} Rxb5 {(00:25} 36. axb5 {
(00:16} d2 {(00:20} 37. Rd3 {(00:14} Rb2 {(00:
06} 38. Rd5 {(01:31} d1=Q {(01:07} 39. Rxd1 {(00:11}
Rxb5 {(00:05} 40. Rd6 {(00:00} Rb3 {(00:00} 41. Kf1 {
(00:37} Rb2 {(00:17} 42. Ke1 {(00:53} Kg6 {(04:
18} 43. Kd1 {(00:41} Rxf2 {(06:37} 44. Rd2 {(00:11}
Rf1+ {(00:21} 45. Kc2 {(00:26} Re1 {(00:06} 46. b7 {
(01:08} Re8 {(00:06} 47. Rd7 {(00:07} h5 {(00:
49} 48. h4 {(00:05} Kg7 {(00:24} 49. Rc7 {(00:08} Rb8
{(00:10} 50. Kd3 1-0

[Event "42nd Olympiad Baku 2016 Open"]
[Site "Baku"]
[Date "2016.09.02"]
[Round "1.10"]
[White "Adly, Ahmed"]
[Black "Lam, Daniel King-wai"]
[Result "1-0"]
[ECO "E67"]
[WhiteElo "2603"]
[BlackElo "2169"]
[PlyCount "35"]
[EventDate "2016.??.??"]
[EventCountry "AZE"]
[WhiteTeam "Ägypten"]
[BlackTeam "Hongkong"]
[WhiteTeamCountry "EGY"]
[BlackTeamCountry "HKG"]
[TimeControl "40/5400+30:1800+30"]
[WhiteClock "1:32:32"]
[BlackClock "1:03:23"]

1. d4 {(00:00} Nf6 {(00:00} 2. Nf3 {(00:00} g6 {
(00:00} 3. c4 {(00:03} Bg7 {(00:00} 4. g3 {(00:
06} O-O {(00:00} 5. Bg2 {(00:03} d6 {(00:00} 6. O-O {
(00:06} Nbd7 {(00:00} 7. Nc3 {(00:03} e5 {(00:
00} 8. Qc2 {(00:10} exd4 {(00:46} 9. Nxd4 {(00:04} c6
{(00:43} 10. Rd1 {(00:24} Re8 {(00:23} 11. Bf4 {
(01:03} Ne5 {(01:04} 12. c5 {(01:40} d5 {(08:26]
} 13. e4 {(00:41} Nxe4 {(04:58} 14. Nxe4 {(00:47} dxe4
{(00:20} 15. Nxc6 {(00:07} Qc7 {(03:58} 16. Nxe5 {
(00:09} Bxe5 {(00:15} 17. Qxe4 {(00:04} Bf5 {(
14:14} 18. Bxe5 {(00:58} 1-0

[Event "42nd Olympiad Baku 2016 Open"]
[Site "Baku"]
[Date "2016.09.02"]
[Round "1.16"]
[White "Adricula, Noel A"]
[Black "Odeev, Handszar"]
[Result "0-1"]
[ECO "B52"]
[WhiteElo "1656"]
[BlackElo "2401"]
[PlyCount "56"]
[EventDate "2016.??.??"]
[EventCountry "AZE"]
[WhiteTeam "Fidschi"]
[BlackTeam "Turkmenistan"]
[WhiteTeamCountry "FIJ"]
[BlackTeamCountry "TKM"]
[TimeControl "40/5400+30:1800+30"]
[WhiteClock "0:21:20"]
[BlackClock "0:35:24"]

1. e4 {(00:00} c5 {(00:03} 2. Nf3 {(00:25} d6 {(
00:09} 3. Bb5+ {(01:16} Bd7 {(01:18} 4. Bxd7+ {(02:25}
Nxd7 {(00:06} 5. O-O {(01:18} Ngf6 {(00:15} 6. Re1 {
(02:11} e6 {(01:38} 7. d4 {(05:29} cxd4 {(00:22]
} 8. Qxd4 {(00:43} Be7 {(00:33} 9. Bg5 {(01:13} O-O {
(01:39} 10. Nc3 {(00:18} a6 {(00:26} 11. Rad1 {(
01:19} Qc7 {(05:06} 12. a3 {(05:35} Rac8 {(02:18} 13.
h3 {(04:51} b5 {(12:58} 14. Nh2 {(02:46} Ne5 {(
12:22} 15. Bxf6 {(03:18} Bxf6 {(02:21} 16. Qxd6 {(09:
49} Nc4 {(01:17} 17. Qxc7 {(00:48} Rxc7 {(00:05} 18.
Ng4 {(00:34} Be7 {(17:50} 19. Rb1 {(13:04} Nxa3 {
(00:29} 20. bxa3 {(04:50} Rxc3 {(00:03} 21. a4 {
(11:18} bxa4 {(01:17} 22. Rb7 {(00:22} Bc5 {(01:
42} 23. Rd1 {(00:40} Rxc2 {(02:35} 24. Rdd7 {(00:28}
a3 {(00:24} 25. Kh2 a2 {(00:27} 26. Rd1 {(04:35} Bd4 {
(00:18} 27. Rxd4 {(02:28} a1=Q {(00:15} 28. Rdd7 {
(00:37} h5 {(00:20} 0-1

[Event "42nd Olympiad Baku 2016 Open"]
[Site "Baku"]
[Date "2016.09.02"]
[Round "1.3"]
[White "Adu, Oladapo"]
[Black "Nepomniachtchi, Ian"]
[Result "0-1"]
[ECO "A48"]
[WhiteElo "2334"]
[BlackElo "2740"]
[PlyCount "62"]
[EventDate "2016.??.??"]
[EventCountry "AZE"]
[WhiteTeam "Nigeria"]
[BlackTeam "Russland"]
[WhiteTeamCountry "NGR"]
[BlackTeamCountry "RUS"]
[TimeControl "40/5400+30:1800+30"]
[WhiteClock "0:03:07"]
[BlackClock "0:44:29"]

1. Nf3 {(04:50} g6 {(00:00} 2. d4 {(02:01} Nf6 {
(00:00} 3. Bg5 {(00:42} Bg7 {(00:17} 4. e3 {(00:
27} O-O {(01:00} 5. Nbd2 {(00:24} d6 {(00:08} 6. c3 {
(02:09} Qe8 {(01:48} 7. Be2 {(02:36} e5 {(04:04]
} 8. Bxf6 {(01:54} Bxf6 {(00:10} 9. h4 {(00:07} exd4 {
(10:32} 10. cxd4 {(00:33} Qe7 {(01:02} 11. Qc2 {
(01:11} c5 {(00:45} 12. dxc5 {(01:33} dxc5 {(00:
30} 13. h5 {(04:57} Bf5 {(06:27} 14. Qb3 {(02:18} Nc6
{(00:33} 15. hxg6 {(03:35} hxg6 {(00:17} 16. a3 {
(04:25} Rab8 {(07:11} 17. O-O {(02:09} Rfd8 {(
07:01} 18. Rfe1 {(07:52} b5 {(01:48} 19. Rac1 {(05:51}
c4 {(03:23} 20. Qa2 {(01:26} a6 {(00:26} 21. Nf1 {
(04:25} Bg7 {(04:20} 22. Ng3 {(00:42} Bd3 {(01:
07} 23. Red1 {(00:58} Bxe2 {(00:59} 24. Nxe2 {(00:03}
Rxd1+ {(00:15} 25. Rxd1 {(00:07} Rd8 {(00:03} 26. Rc1 {
(01:16} Ne5 {(02:34} 27. Nxe5 {(19:05} Bxe5 {(
00:18} 28. b3 {(05:13} c3 {(00:28} 29. Qb1 {(06:50}
Rd2 {(01:16} 30. Kf1 {(12:09} Qh4 {(02:03} 31. f4 {
(00:35} c2 {(00:16} 0-1

[Event "42nd Olympiad Baku 2016 Open"]
[Site "Baku"]
[Date "2016.09.02"]
[Round "1.22"]
[White "Ashraf, Ahmed Ramadan"]
[Black "Mehmeti, Dritan"]
[Result "0-1"]
[ECO "B92"]
[WhiteElo "1952"]
[BlackElo "2415"]
[PlyCount "68"]
[EventDate "2016.??.??"]
[EventCountry "AZE"]
[WhiteTeam "Ägypten"]
[BlackTeam "Albanien"]
[WhiteTeamCountry "EGY"]
[BlackTeamCountry "ALB"]
[TimeControl "40/5400+30:1800+30"]
[WhiteClock "0:00:44"]
[BlackClock "0:02:17"]

1. e4 {(00:00} c5 {(00:20} 2. Nf3 {(00:00} d6 {(
00:10} 3. d4 {(00:07} cxd4 {(00:07} 4. Nxd4 {(00:05}
a6 {(01:05} 5. Nc3 {(00:05} Nf6 {(00:04} 6. Be2 {
(01:53} e5 {(00:31} 7. Nb3 {(01:04} Be7 {(00:18]
} 8. Bg5 {(02:37} Be6 {(06:07} 9. Qd3 {(07:22} Nbd7 {
(00:57} 10. O-O-O {(02:05} b5 {(08:54} 11. f4 {(
12:21} O-O {(07:16} 12. Bxf6 {(12:55} Nxf6 {(01:11}
13. fxe5 {(01:46} dxe5 {(00:13} 14. Qg3 {(00:40} Qc7 {
(10:23} 15. Nd4 {(09:33} b4 {(01:26} 16. Nd5 {(
07:46} Bxd5 {(07:44} 17. exd5 {(00:09} Rfc8 {(12:39}
18. Nc6 {(06:35} Nxd5 {(00:50} 19. Nxe7+ {(00:56} Nxe7
{(00:11} 20. Qb3 {(00:59} Nc6 {(08:07} 21. Bf3 {
(05:53} e4 {(11:07} 22. Be2 {(09:14} Na5 {(04:
41} 23. Qa4 {(00:19} b3 {(00:23} 24. c3 {(00:55} bxa2
{(00:55} 25. Qxa2 {(00:52} Rab8 {(02:22} 26. Bxa6 {
(05:25} Re8 {(01:47} 27. Rd5 {(02:49} Nb3+ {(03:
28} 28. Kc2 {(02:36} e3 {(03:33} 29. Re1 {(02:23} Qc6
{(03:09} 30. Rd3 {(04:44} Qxg2+ {(00:54} 31. Kb1 {
(00:42} Nc5 {(01:55} 32. Rd4 {(00:36} Nxa6 {(01:
36} 33. Rd7 {(00:31} Qg6+ {(00:14} 34. Kc1 {(00:19}
Nc5 {(00:06} 0-1

[Event "42nd Olympiad Baku 2016 Open"]
[Site "Baku"]
[Date "2016.09.02"]
[Round "1.39"]
[White "Aithmidou, Mohamed-Mehdi"]
[Black "Van Kampen, Robin"]
[Result "0-1"]
[ECO "B54"]
[WhiteElo "2229"]
[BlackElo "2640"]
[PlyCount "56"]
[EventDate "2016.??.??"]
[EventCountry "AZE"]
[WhiteTeam "Marokko"]
[BlackTeam "Niederlande"]
[WhiteTeamCountry "MAR"]
[BlackTeamCountry "NED"]
[TimeControl "40/5400+30:1800+30"]
[WhiteClock "0:01:45"]
[BlackClock "0:15:40"]

1. e4 {(00:00} c5 {(00:00} 2. Nf3 {(00:00} d6 {(
00:00} 3. d4 {(04:01} cxd4 {(00:00} 4. Nxd4 {(00:03}
Nf6 {(00:05} 5. Bd3 {(01:49} Nc6 {(03:06} 6. Ne2 {
(03:54} g6 {(01:05} 7. c4 {(00:48} Bg7 {(02:44}
8. Nbc3 {(00:08} O-O {(00:43} 9. O-O {(00:44} Bd7 {
(09:14} 10. b3 {(11:38} a6 {(06:10} 11. Bb2 {(
03:18} Rb8 {(03:35} 12. a4 {(21:44} Ng4 {(08:05} 13.
Rb1 {(07:48} Nge5 {(04:44} 14. Ng3 {(15:08} h5 {
(04:10} 15. Be2 {(07:01} h4 {(11:24} 16. Nh1 {(
01:47} Qa5 {(00:35} 17. Nd5 {(05:17} e6 {(05:21} 18.
Ne3 {(02:58} Qc5 {(01:39} 19. Nc2 {(01:42} Qa7 {
(13:08} 20. Qxd6 {(01:46} Rfd8 {(00:30} 21. Qd2 {
(01:17} Be8 {(01:03} 22. Qf4 {(00:21} Qc5 {(04:
25} 23. Qxh4 {(02:44} Rd2 {(00:16} 24. Bd1 {(00:30}
Rbd8 {(01:44} 25. Ba3 {(01:49} Qa5 {(01:31} 26. Ne3 {
(00:34} Nd4 {(01:15} 27. Qg3 {(01:13} Rxd1 {(00:
37} 28. Rb2 {(02:13} Rd2 {(01:11} 0-1

[Event "42nd Olympiad Baku 2016 Open"]
[Site "Baku"]
[Date "2016.09.02"]
[Round "1.21"]
[White "Al Ghamdi, Ahmed M"]
[Black "Pacher, Milan"]
[Result "0-1"]
[ECO "B51"]
[WhiteElo "2192"]
[BlackElo "2499"]
[PlyCount "59"]
[EventDate "2016.??.??"]
[EventCountry "AZE"]
[WhiteTeam "KSA"]
[BlackTeam "Slowakei"]
[BlackTeamCountry "SVK"]
[TimeControl "40/5400+30:1800+30"]
[WhiteClock "0:10:01"]
[BlackClock "1:05:13"]

1. e4 {(00:00} c5 {(00:00} 2. Nf3 {(00:00} d6 {(
00:00} 3. Bb5+ {(00:05} Nd7 {(00:00} 4. d4 {(00:12}
cxd4 {(00:14} 5. Qxd4 {(00:32} a6 {(00:09} 6. Bxd7+ {
(01:30} Bxd7 {(00:03} 7. O-O {(02:02} e5 {(00:
27} 8. Qd3 {(00:50} h6 {(00:19} 9. Nc3 {(01:30} Nf6 {
(00:07} 10. Nd2 {(00:57} Rc8 {(02:26} 11. Nc4 {(
06:17} Be6 {(00:20} 12. Ne3 {(01:02} Be7 {(01:15} 13.
Rd1 {(16:14} Qc7 {(07:16} 14. Qe2 {(09:10} O-O {
(01:25} 15. Qf3 {(00:21} b5 {(02:19} 16. a3 {(
01:37} Qb7 {(04:40} 17. Nf5 {(10:37} Bxf5 {(00:36} 18.
Qxf5 {(00:08} Rc4 {(01:46} 19. f3 {(07:52} Qb6+ {
(01:44} 20. Kf1 {(00:15} a5 {(05:36} 21. Rd3 {(
03:21} b4 {(02:46} 22. Be3 {(01:38} Qb8 {(01:04} 23.
axb4 {(06:23} axb4 {(00:05} 24. Nd5 {(03:04} Nxd5 {
(00:11} 25. Rxd5 {(00:10} Rxc2 {(00:41} 26. Ra7 {
(00:27} Bg5 {(00:56} 27. f4 {(14:17} Bxf4 {(00:
33} 28. Bxf4 {(01:38} Qxa7 {(00:39} 29. Bg3 {(00:14}
Qe3 {(01:40} 30. Qf3 {(02:36} 0-1

[Event "42nd Olympiad Baku 2016 Open"]
[Site "Baku"]
[Date "2016.09.02"]
[Round "1.1"]
[White "Al-Hajiri, Bader"]
[Black "Delgado Ramirez, Neuris"]
[Result "1/2-1/2"]
[ECO "B92"]
[WhiteElo "2116"]
[BlackElo "2618"]
[PlyCount "118"]
[EventDate "2016.??.??"]
[EventCountry "AZE"]
[WhiteTeam "Kuwait"]
[BlackTeam "Paraguay"]
[WhiteTeamCountry "KUW"]
[BlackTeamCountry "PAR"]
[TimeControl "40/5400+30:1800+30"]
[WhiteClock "0:34:19"]
[BlackClock "1:08:42"]

1. e4 {(01:10} c5 {(00:00} 2. Nf3 {(00:13} d6 {(
00:00} 3. d4 {(00:35} cxd4 {(00:00} 4. Nxd4 {(00:40}
Nf6 {(00:06} 5. Nc3 {(00:09} a6 {(00:06} 6. Be2 {
(00:59} e5 {(00:07} 7. Nb3 {(00:16} Be7 {(00:08]
} 8. O-O {(00:22} O-O {(00:08} 9. Be3 {(01:30} b6 {
(00:25} 10. Nd5 {(03:48} Nxd5 {(01:10} 11. Qxd5 {
(00:08} Ra7 {(00:04} 12. Rad1 {(02:54} Be6 {(01:
24} 13. Qd2 {(00:22} Rd7 {(03:15} 14. c4 {(05:20} Nc6
{(00:09} 15. Na1 {(00:45} Qb8 {(00:26} 16. Nc2 {
(04:32} b5 {(01:41} 17. b3 {(07:56} bxc4 {(01:
10} 18. Bxc4 {(00:12} Bxc4 {(01:33} 19. bxc4 {(00:07}
Qc7 {(00:10} 20. c5 {(03:44} Rc8 {(05:24} 21. Qe2 {
(09:20} dxc5 {(03:31} 22. Qxa6 {(00:31} Nd4 {(
01:02} 23. Qc4 {(00:25} Qc6 {(01:01} 24. f3 {(02:34}
Ra7 {(01:53} 25. Bf2 {(06:53} Qa8 {(03:17} 26. Ne3 {
(01:54} Ra4 {(00:44} 27. Qd5 {(00:34} Bf6 {(03:
47} 28. Bg3 {(08:34} Rxa2 {(01:18} 29. Bxe5 {(01:22}
Rd8 {(09:35} 30. Qxa8 {(00:34} Rdxa8 {(00:03} 31. Bxf6
{(00:29} gxf6 {(00:03} 32. Rf2 {(02:14} R2a3 {(
00:33} 33. Nc2 {(01:04} Nxc2 {(03:23} 34. Rxc2 {(00:10]
} Ra2 {(09:20} 35. Rxc5 {(02:33} Re2 {(00:05} 36. Kh1 {
(00:16} Raa2 {(00:05} 37. Rg1 {(00:13} Kg7 {(00:
03} 38. h4 {(00:37} Rf2 {(00:45} 39. Rf5 {(00:17} Rfe2
{(01:07} 40. Kh2 {(00:00} Ra3 {(00:00} 41. h5 {(
02:35} Rb3 {(00:52} 42. h6+ {(11:43} Kxh6 {(03:01} 43.
Rxf6+ {(00:40} Kg7 {(00:02} 44. Rf5 {(01:45} Rb6 {
(00:36} 45. Rg5+ {(05:30} Rg6 {(00:35} 46. Rh5 {
(01:12} h6 {(01:22} 47. Kh3 {(00:24} Rg5 {(12:
10} 48. Rxg5+ {(04:56} hxg5 {(00:03} 49. Kg4 {(00:10}
Kg6 {(00:03} 50. g3 {(00:07} f6 {(00:49} 51. Rb1 {
(01:39} Re3 {(00:36} 52. Rb7 {(00:47} Re1 {(00:
12} 53. Re7 {(01:31} Re3 {(00:14} 54. Rc7 {(02:26} Re1
{(00:16} 55. Rd7 {(00:06} Re3 {(00:08} 56. Re7 {
(00:04} Re1 {(00:06} 57. Re6 {(01:00} Re3 {(00:
24} 58. f4 {(00:21} gxf4 {(00:05} 59. gxf4 {(01:59}
Rxe4 {(00:13} 1/2-1/2

[Event "42nd Olympiad Baku 2016 Open"]
[Site "Baku"]
[Date "2016.09.02"]
[Round "1.27"]
[White "AlHuwar, Jasem"]
[Black "Dacres, Don"]
[Result "1-0"]
[ECO "A04"]
[WhiteElo "2291"]
[BlackElo "1713"]
[PlyCount "79"]
[EventDate "2016.??.??"]
[EventCountry "AZE"]
[WhiteTeam "Vereinigte Arabische Emirate"]
[BlackTeam "Bermuda"]
[WhiteTeamCountry "UAE"]
[BlackTeamCountry "BER"]
[TimeControl "40/5400+30:1800+30"]
[WhiteClock "0:43:38"]
[BlackClock "0:06:58"]

1. Nf3 {(00:00} Nc6 {(00:26} 2. d4 {(00:01} d5 {
(00:45} 3. g3 {(00:10} Nf6 {(00:44} 4. Bg2 {(00:
07} e6 {(00:48} 5. O-O {(00:18} Be7 {(00:12} 6. c4 {
(00:53} O-O {(00:22} 7. b3 {(00:52} b6 {(01:18}
8. Bb2 {(00:24} Bb7 {(00:21} 9. Nc3 {(03:55} a6 {
(01:55} 10. Ne5 {(01:17} Nb8 {(02:26} 11. Qc2 {(
01:35} Bd6 {(07:43} 12. Rfd1 {(13:40} Qe7 {(08:22} 13.
e3 {(05:32} Nbd7 {(02:53} 14. f4 {(04:37} c5 {(
01:32} 15. Qe2 {(03:00} cxd4 {(03:08} 16. exd4 {(00:36]
} Ba3 {(17:03} 17. Bxa3 {(02:10} Qxa3 {(00:25} 18. Nxd7
{(00:32} Nxd7 {(00:48} 19. cxd5 {(00:11} exd5 {(
05:20} 20. Nxd5 {(00:13} Bxd5 {(01:53} 21. Bxd5 {(00:
09} Rae8 {(00:38} 22. Qd3 {(05:03} Nf6 {(00:43} 23.
Bf3 {(00:52} Re6 {(03:31} 24. d5 {(18:41} Rd6 {(
00:25} 25. Rac1 {(02:01} Rfd8 {(05:39} 26. Rc2 {(00:47]
} g6 {(00:36} 27. Qc4 {(10:08} Kg7 {(08:14} 28. Qc3 {
(08:02} Kg8 {(00:38} 29. Rcd2 {(04:46} Kg7 {(03:
21} 30. Re2 {(02:44} Qc5+ {(01:19} 31. Qxc5 {(00:06}
bxc5 {(00:18} 32. Rc2 {(00:17} Nxd5 {(02:06} 33. Rcd2 {
(00:27} Rf6 {(09:18} 34. Rxd5 {(00:36} Re8 {(01:
47} 35. Rxc5 {(00:14} Re3 {(00:26} 36. Kf2 {(00:13}
Ree6 {(02:31} 37. Rd7 {(00:27} Rd6 {(00:58} 38. Rcc7 {
(00:31} Rxd7 {(01:15} 39. Rxd7 {(00:04} g5 {(00:
25} 40. fxg5 {(00:00} 1-0

[Event "42nd Olympiad Baku 2016 Open"]
[Site "Baku"]
[Date "2016.09.02"]
[Round "1.3"]
[White "Alkhaldi, Bader"]
[Black "Franco Ocampos, Zenon"]
[Result "0-1"]
[ECO "E11"]
[WhiteElo "1956"]
[BlackElo "2496"]
[PlyCount "90"]
[EventDate "2016.??.??"]
[EventCountry "AZE"]
[WhiteTeam "Kuwait"]
[BlackTeam "Paraguay"]
[WhiteTeamCountry "KUW"]
[BlackTeamCountry "PAR"]
[TimeControl "40/5400+30:1800+30"]
[WhiteClock "0:00:33"]
[BlackClock "0:32:37"]

1. d4 {(00:00} Nf6 {(00:00} 2. c4 {(00:12} e6 {(
00:22} 3. Nf3 {(01:04} Bb4+ {(00:25} 4. Nbd2 {(00:48}
b6 {(00:30} 5. a3 {(00:45} Bxd2+ {(00:12} 6. Qxd2 {
(01:17} Bb7 {(00:32} 7. e3 {(01:21} O-O {(01:40]
} 8. Be2 {(01:06} d6 {(01:06} 9. O-O {(00:36} Nbd7 {
(00:04} 10. b4 {(01:37} Ne4 {(05:11} 11. Qc2 {(
00:16} f5 {(01:11} 12. Ne1 {(03:32} c5 {(08:29} 13. f3
{(01:46} Nef6 {(00:13} 14. d5 {(22:47} exd5 {(
04:40} 15. Qxf5 {(03:46} Qe7 {(01:04} 16. Qc2 {(06:54}
Rac8 {(02:41} 17. Qa2 {(02:32} dxc4 {(06:33} 18. Bxc4+
{(00:57} d5 {(00:52} 19. Bb5 {(06:02} cxb4 {(01:
47} 20. Bxd7 {(08:46} Rxc1 {(02:47} 21. Rxc1 {(00:21}
Qxe3+ {(00:04} 22. Qf2 {(05:31} Qxc1 {(00:09} 23. Be6+
{(00:05} Kh8 {(00:12} 24. Nc2 {(08:02} Qh6 {(06:
29} 25. axb4 {(15:08} Ne4 {(01:46} 26. Qe1 {(01:03}
Qxe6 {(00:44} 27. fxe4 {(00:10} Rxf1+ {(00:57} 28. Qxf1
{(00:16} dxe4 {(00:21} 29. Qf8+ {(00:18} Qg8 {(
00:04} 30. Qe7 {(00:15} Qc8 {(10:55} 31. h4 {(06:25}
h6 {(04:51} 32. h5 {(00:26} a5 {(03:30} 33. Kh2 {
(00:33} a4 {(02:49} 34. Nd4 {(01:36} Bd5 {(02:
09} 35. b5 {(00:42} Bg8 {(03:19} 36. Nc6 {(00:23} Qe6
{(00:58} 37. Qd8 {(00:16} a3 {(04:45} 38. Qxb6 {
(00:20} a2 {(00:47} 39. Qd4 {(00:05} e3 {(01:47]
} 40. Ne5 {(00:00} e2 {(00:00} 41. Qc3 {(06:08} Qf5 {
(06:28} 42. b6 {(04:56} Bd5 {(04:30} 43. Kg3 {(
20:16} Qf1 {(10:43} 44. Ng6+ {(00:39} Kh7 {(00:43} 45.
Nf8+ {(01:59} Kg8 {(00:34} 0-1

[Event "42nd Olympiad Baku 2016 Open"]
[Site "Baku"]
[Date "2016.09.02"]
[Round "1.8"]
[White "Allam, Mohamed"]
[Black "Diermair, Andreas"]
[Result "0-1"]
[ECO "D02"]
[WhiteElo "1850"]
[BlackElo "2478"]
[PlyCount "136"]
[EventDate "2016.??.??"]
[EventCountry "AZE"]
[WhiteTeam "Palästina"]
[BlackTeam "Österreich"]
[WhiteTeamCountry "PLE"]
[BlackTeamCountry "AUT"]
[TimeControl "40/5400+30:1800+30"]
[WhiteClock "0:01:50"]
[BlackClock "0:18:49"]

1. d4 {(00:00} d5 {(00:00} 2. Nf3 {(00:07} Nf6 {
(00:00} 3. Bf4 {(00:12} c5 {(00:12} 4. e3 {(01:
21} Nc6 {(00:19} 5. c3 {(00:31} Qb6 {(00:59} 6. Qb3 {
(01:01} c4 {(00:47} 7. Qxb6 {(01:41} axb6 {(00:
03} 8. Na3 {(01:06} Na7 {(09:45} 9. Nc2 {(07:27} Bf5 {
(00:38} 10. Rc1 {(01:18} Nb5 {(07:58} 11. a3 {(
01:01} Nh5 {(02:25} 12. Bg3 {(01:03} h6 {(02:51} 13.
Be2 {(02:23} Nxg3 {(01:03} 14. hxg3 {(00:05} e6 {
(00:12} 15. Nd2 {(02:35} Nd6 {(03:38} 16. Nb4 {(
06:33} b5 {(07:08} 17. g4 {(05:40} Bh7 {(00:39} 18.
Bf3 {(04:53} Be7 {(00:47} 19. O-O {(02:16} Nc8 {
(08:22} 20. Ra1 {(08:22} Nb6 {(01:13} 21. Rfe1 {
(03:09} Na4 {(14:13} 22. Ra2 {(00:54} Kd7 {(01:
24} 23. g3 {(07:17} Ra7 {(04:41} 24. Bg2 {(04:27} Nb6
{(00:23} 25. Raa1 {(04:30} Rha8 {(06:05} 26. Rec1 {
(03:37} Bxb4 {(01:55} 27. cxb4 {(00:14} Na4 {(
01:40} 28. Ra2 {(01:10} Rc8 {(02:02} 29. Bf1 {(08:28}
Kd6 {(01:34} 30. Nb1 {(06:03} Bxb1 {(01:33} 31. Rxb1 {
(00:23} Raa8 {(03:59} 32. Rc1 {(04:08} f6 {(01:
10} 33. Be2 {(03:37} e5 {(01:46} 34. Kf1 {(00:32} Re8
{(01:45} 35. Bf3 {(00:56} Re7 {(03:06} 36. Rc2 {
(00:10} exd4 {(02:36} 37. exd4 {(00:06} Rae8 {(
01:27} 38. Ra1 {(00:06} Nb6 {(01:37} 39. Rd1 {(04:16}
Nd7 {(02:03} 40. Re2 {(00:00} Rxe2 {(00:00} 41. Bxe2 {
(04:11} Nb8 {(01:18} 42. Bf3 {(01:05} Nc6 {(00:
35} 43. Rd2 {(05:40} Re7 {(00:24} 44. Rd1 {(02:03} Nd8
{(00:49} 45. Bg2 {(03:44} Ne6 {(04:47} 46. Rd2 {
(05:13} b6 {(06:01} 47. f4 {(03:13} Rc7 {(03:16]
} 48. Rc2 {(00:53} g5 {(01:42} 49. f5 {(02:51} Nxd4 {
(00:45} 50. Rd2 {(01:40} Ke5 {(00:07} 51. Rd1 {(
00:11} c3 {(01:38} 52. bxc3 {(04:40} Rxc3 {(00:04} 53.
Re1+ {(00:22} Kd6 {(00:05} 54. Rd1 {(00:22} Nc2 {
(01:28} 55. Rxd5+ {(01:28} Kc7 {(00:02} 56. Kf2 {
(02:45} Ne3 {(01:02} 57. Rd4 {(00:56} Nc4 {(02:
17} 58. Re4 {(00:18} Ne5 {(02:27} 59. Rd4 {(01:05}
Rxa3 {(00:35} 60. Bd5 {(00:38} Rd3 {(00:44} 61. Rxd3 {
(00:58} Nxd3+ {(00:02} 62. Ke3 {(00:20} Nxb4 {(
00:03} 63. Bf7 {(01:17} Kd6 {(00:09} 64. Kd4 {(00:17}
Nc6+ {(00:11} 65. Kc3 {(01:17} b4+ {(00:15} 66. Kb3 {
(00:23} Kc5 {(00:07} 67. Kb2 {(00:18} Nd4 {(00:
14} 68. Be8 {(00:24} Ne2 {(00:06} 0-1

[Event "42nd Olympiad Baku 2016 Open"]
[Site "Baku"]
[Date "2016.09.02"]
[Round "1.15"]
[White "Amer Said Salim Al Maashani"]
[Black "Smirnov, Anton"]
[Result "0-1"]
[ECO "B54"]
[WhiteElo "2044"]
[BlackElo "2482"]
[PlyCount "80"]
[EventDate "2016.??.??"]
[EventCountry "AZE"]
[WhiteTeam "OMA"]
[BlackTeam "Australien"]
[BlackTeamCountry "AUS"]
[TimeControl "40/5400+30:1800+30"]
[WhiteClock "0:30:32"]
[BlackClock "0:55:01"]

1. e4 {(00:00} c5 {(00:18} 2. Nf3 {(00:12} d6 {(
00:08} 3. d4 {(00:17} cxd4 {(00:15} 4. Nxd4 {(00:35}
Nf6 {(00:09} 5. f3 {(01:19} e5 {(06:25} 6. Nb3 {
(00:14} Be6 {(03:01} 7. c4 {(05:58} a5 {(13:14}
8. Be3 {(06:37} Nc6 {(04:54} 9. Nc3 {(06:09} a4 {
(03:20} 10. Nd2 {(10:30} Qa5 {(00:16} 11. Nd5 {(
10:25} Nd7 {(02:21} 12. Kf2 {(06:37} Be7 {(05:47} 13.
Nb1 {(08:32} Bxd5 {(04:21} 14. cxd5 {(02:45} Nd4 {
(00:21} 15. Na3 {(08:18} O-O {(01:30} 16. Bd3 {(
06:33} Nc5 {(02:16} 17. Re1 {(04:38} Rfc8 {(02:58} 18.
Kg1 {(04:28} h6 {(09:21} 19. Bf1 {(06:11} Bh4 {(
02:47} 20. Bf2 {(04:21} Bxf2+ {(00:08} 21. Kxf2 {(00:
02} Qa7 {(05:19} 22. Kg3 {(01:41} f5 {(01:04} 23. exf5
{(01:08} Nxf5+ {(00:32} 24. Kh3 {(00:02} Qb6 {(
02:31} 25. Nc4 {(01:03} Qd8 {(00:03} 26. g3 {(00:22}
b5 {(00:44} 27. Ne3 {(00:28} Nxe3 {(00:21} 28. Rxe3 {
(00:02} Qg5 {(00:52} 29. Re1 {(02:43} Rf8 {(03:
18} 30. Kg2 {(01:12} Rf7 {(01:56} 31. Kh1 {(01:32}
Raf8 {(00:26} 32. Bg2 {(00:04} h5 {(01:46} 33. Rf1 {
(01:00} h4 {(00:08} 34. g4 {(00:29} e4 {(00:56}
35. fxe4 {(00:30} Rxf1+ {(00:02} 36. Bxf1 {(00:02} Nxe4
{(00:10} 37. Qe2 {(00:53} Nf2+ {(00:16} 38. Kg1 {
(00:05} Nxg4 {(00:02} 39. Qe6+ {(01:00} Kh8 {(
00:20} 40. Bd3 {(00:00} Nf2+ {(00:00} 0-1